 Dungeon Crawl Stone Soup version 0.28.0-47-ge53b351184 (webtiles) character file.

Game seed: 14922768744331707199

6538 hawla the Thaumaturge (level 10, -1/40 HPs)
             Began as a Felid Earth Elementalist on May 2, 2022.
             Was a Follower of Vehumet.
             Slain by a sphinx (13 damage)
             ... summoned by Kirke
             ... on level 12 of the Dungeon on May 3, 2022.
             The game lasted 00:51:49 (16063 turns).

hawla the Thaumaturge (Felid Earth Elementalist)   Turns: 16063, Time: 00:51:51

Health: -1/40      AC:  6    Str:  6    XL:     10   Next: 70%
Magic:  8/26       EV: 22    Int: 19    God:    Vehumet [*.....]
Gold:   737        SH:  0    Dex: 23    Spells: 22/31 levels left
                                        Lives:  0   Deaths: 3

rFire   . . .      SeeInvis +     - Unarmed
rCold   . . .      Faith    .   (shield unavailable)
rNeg    . . .      Spirit   .   (armour unavailable)
rPois   .          Reflect  .   (helmet unavailable)
rElec   .          Harm     .   (cloak unavailable)
rCorr   .          Rampage  .   (gloves unavailable)
Will    +....      Clarity  +   (boots unavailable)
Stlth   ++++......              C - amulet of regeneration
HPRegen 0.93/turn               h - +6 ring of dexterity
MPRegen 0.20/turn               c - +4 ring of protection

@: slowed, slow
A: very small, claws 1, fangs 3, see invisible, speed 1, shaggy fur 2, stealthy
paws, no weapons or thrown items, no armour, multi-lived, clarity
a: Renounce Religion


You were on level 12 of the Dungeon.
You worshipped Vehumet.
Vehumet was aware of your devotion.
You visited 2 branches of the dungeon, and saw 13 of its levels.
You also visited: Ossuary.

You collected 737 gold pieces.

Inventory:

Missiles
 b - 200 stones
Jewellery
 a - a ring of flight
 c - a +4 ring of protection (right paw)
 d - a ring of wizardry
 h - a +6 ring of dexterity (left paw)
 w - a ring of positive energy
 A - a ring of fire
 C - an amulet of regeneration (around neck)
Wands
 r - a wand of paralysis (24)
 s - a wand of flame (19)
 x - a wand of polymorph (3)
 y - a wand of iceblast (10) (quivered)
Scrolls
 i - 4 scrolls of teleportation
 m - a scroll of fog
 z - 2 scrolls of identify
 B - a scroll of fear
Potions
 e - a potion of invisibility
 g - 2 potions of heal wounds
 j - 2 potions of brilliance
 k - 2 potions of might
 l - 3 potions of cancellation
 o - 2 potions of flight
 q - 2 potions of berserk rage
 t - a potion of haste
 v - 2 potions of curing
Miscellaneous
 f - a condenser vane
 n - a lightning rod (4/4)
 p - a lightning rod (4/4)
 u - a tin of tremorstones (2/2)


   Skills:
 + Level 1.7 Fighting
 + Level 6.4 Dodging
 + Level 5.6 Stealth
 + Level 2.6 Unarmed Combat
 + Level 11.1 Spellcasting
 + Level 6.0 Conjurations
 + Level 2.9 Necromancy
 + Level 1.1 Transmutations
 + Level 10.3 Earth Magic
 + Level 4.0 Evocations


You had 22 spell levels left.
You knew the following spells:

 Your Spells              Type           Power      Damage    Failure   Level
a - Sandblast             Erth           98%        2d20      1%          1
b - Stone Arrow           Conj/Erth      82%        3d12      1%          3
c - Vampiric Draining     Necr           21%        2d7       6%          3
d - Passwall              Tmut/Erth      26%        N/A       1%          2

Your spell library contained the following spells:

 Spells                   Type           Power      Damage    Failure   Level
 Freeze                   Ice            40%        1d6       7%          1
 Animate Skeleton         Necr           42%        N/A       1%          1
 Pain                     Necr           84%        1d8       1%          1
 Petrify                  Tmut/Erth      32%        N/A       6%          4
 Slow                     Hex            40%        N/A       7%          1
 Ensorcelled Hibernation  Hex/Ice        20%        N/A       10%         2
 Spider Form              Tmut/Pois      12%        N/A       16%         3
 Confusing Touch          Hex            10%        N/A       21%         3
 Anguish                  Hex/Necr       8%         N/A       34%         4
 Summon Lightning Spire   Summ/Air       10%        N/A       54%         4
 Storm Form               Tmut/Air       6%         N/A       100%        7
 Maxwell's Capacitive Co  Air            5%         ∞         100%        8


Dungeon Overview and Level Annotations

Branches:
Dungeon (12/15)            Temple (1/1) D:4            Lair (0/6) D:8
    Orc (0/2) D:10        Ossuary (visited)

Altars:
Ashenzari
Cheibriados
Dithmenos
Elyvilon
Fedhas
Gozag
Hepliaklqana
Kikubaaqudgha
Makhleb
Nemelex Xobeh
Okawaru
Qazlal
Ru
Sif Muna
Trog
Uskayaw
Vehumet
Wu Jian
Xom
Yredelemnul
Zin
The Shining One

Shops:
D:1 !   D:11 ==

Annotations:
D:3 Sigmund
D:4 Pikel
D:5 2 runed translucent doors, Dowan; Duvessa; croobank's ghost, novice GnDe
D:8 Gastronok
D:10 1 transporter
D:12 Kirke


Innate Abilities, Weirdness & Mutations

You have sharp claws.
You have razor-sharp teeth.
You have supernaturally acute eyesight. (SInv)
You cover ground quickly. (Speed+)
You are covered in thick fur. (AC +2)
Your paws help you pounce on unaware monsters.
You are incapable of wielding weapons or throwing items.
You cannot wear armour.
You gain extra lives every three experience levels.
You possess an exceptional clarity of mind.


Message History

Kirke summons a sphinx!
Casting: Stone Arrow (safe; 1% risk of failure)
Confirm with . or Enter, or press ? or * to list all spells.
Aiming: Vampiric Draining (dangerous; 6% risk of failure)
Press: ? - help, Shift-Dir - straight line, f/p - Kirke
Aim: Kirke (severely wounded)
You draw life force from Kirke!
Kirke misses you.
The sphinx casts a spell.
You resist with significant effort. Kirke hits you!
Unknown command.
Casting: Vampiric Draining (dangerous; 6% risk of failure)
Confirm with . or Enter, or press ? or * to list all spells.
Aiming: Vampiric Draining (dangerous; 6% risk of failure)
Press: ? - help, Shift-Dir - straight line, f/p - Kirke
Aim: Kirke (severely wounded)
You draw life force from Kirke.
You feel life coursing into your body. The sphinx hits you!
The sphinx hits you. x2; Kirke barely misses you.
The sphinx completely misses you. The sphinx barely misses you.
The sphinx closely misses you.
Casting: Vampiric Draining (dangerous; 6% risk of failure)
Confirm with . or Enter, or press ? or * to list all spells.
Aiming: Vampiric Draining (dangerous; 6% risk of failure)
Press: ? - help, Shift-Dir - straight line, f/p - Kirke
Aim: Kirke (severely wounded)
Okay, then.
Kirke casts a spell.
Kirke flickers and vanishes for a moment.
Kirke completely misses you. The sphinx completely misses you.
The sphinx hits you.
* * * LOW HITPOINT WARNING * * *
The sphinx misses you.
Casting: Vampiric Draining (dangerous; 6% risk of failure)
Confirm with . or Enter, or press ? or * to list all spells.
Aiming: Stone Arrow (safe; 1% risk of failure)
Press: ? - help, Shift-Dir - straight line, f/p - Kirke
Aim: Kirke (severely wounded, slightly transparent, 76% to hit)
The stone arrow hits Kirke!!
Kirke is almost dead.
The sphinx hits you!
You die...

####+####
........###
........'.#
.......h#.#
......@h#
..
......hH#
##
.......@#
[.......#
.......<#
....[...#
#########


You could see Kirke (invisible), a sphinx (summoned) and 3 hogs.

Vanquished Creatures
  Harold (D:8)
  2 two-headed ogres
  An ugly thing (D:10)
  A deep elf pyromancer (D:10)
  A manticore (D:9)
  4 centaur zombies
  A gargoyle (D:10)
  An unseen horror (D:10)
  A kobold demonologist (D:11)
  2 komodo dragons
  A freezing wraith (D:9)
  4 trolls
  Grinder (D:3)
  A vampire (D:9)
  A shadow (D:10)
  3 wyverns
  11 yaks
  Eustachio (D:4)
  4 wraiths
  A basilisk (D:10)
  Menkaure (D:4)
  A vampire mosquito (D:10)
  2 water moccasins
  An ice beast (D:7)
  3 orc warriors
  A sky beast (D:6)
  3 necrophages
  A black bear (D:6)
  5 ogres
  A wolf (D:9)
  3 centaurs
  A lemure (D:4)
  A phantom (D:7)
  A kobold brigand (D:8)
  5 bullfrogs
  2 gnoll sergeants (D:5)
  A scorpion (D:6)
  A wyvern skeleton (D:6)
  A water moccasin skeleton (D:6)
  6 killer bees
  A wight (D:10)
  An electric eel (D:8)
  4 howler monkeys
  2 orc priests
  4 hounds
  2 bullfrog skeletons
  2 iguanas
  2 orc wizards
  8 mummies (Ossuary)
  A howler monkey zombie (D:5)
  6 gnolls
  5 adders
  3 howler monkey skeletons
  A shadow imp (D:5)
  2 white imps
  An ufetubus (D:6)
  2 dart slugs
  13 orcs
  8 ball pythons
  6 endoplasms
  3 giant cockroaches
  3 goblins
  7 hobgoblins
  4 jackals
  12 kobolds
  2 quokkas
  2 bats
  2 frilled lizards (D:1)
  2 gnoll zombies (Ossuary)
  A kobold zombie (Ossuary)
  5 orc zombies (Ossuary)
  3 rats (D:1)
204 creatures vanquished.

Vanquished Creatures (others)
  4 plants (D:8)
4 creatures vanquished.

Grand Total: 208 creatures vanquished

Notes
Turn   | Place    | Note
-------+----------+-------------------------------------------
     0 | D:1      | hawla the Felid Earth Elementalist began the quest for the
                  | Orb.
     0 | D:1      | Reached XP level 1. HP: 7/7 MP: 4/4
   154 | D:1      | Reached XP level 2. HP: 11/11 MP: 0/6
   402 | D:1      | Found Uhiuptin's Distillery.
   650 | D:1      | Found a faded altar of an unknown god.
  1038 | D:2      | Reached XP level 3. HP: 14/14 MP: 5/7
  1042 | D:2      | Learned a level 3 spell: Stone Arrow
  1957 | D:2      | Learned a level 3 spell: Vampiric Draining
  1971 | D:3      | Noticed Sigmund
  2306 | D:3      | Reached XP level 4. HP: 16/18 MP: 7/9
  2600 | D:3      | Noticed Grinder
  2600 | D:3      | Paralysed by Grinder for 2 turns
  2619 | D:4      | Noticed Menkaure
  2624 | D:5      | Entered Level 5 of the Dungeon
  2696 | D:5      | Reached skill level 3 in Spellcasting
  2786 | D:5      | Noticed a gnoll sergeant
  2826 | D:4      | Found a sand-covered staircase.
  2832 | D:4      | Learned a level 2 spell: Passwall
  2834 | Ossuary  | Entered an ossuary
  3113 | Ossuary  | Reached XP level 5. HP: 21/21 MP: 5/10
  3637 | D:4      | Noticed Eustachio
  3643 | D:4      | Killed Eustachio
  3644 | D:4      | Reached skill level 5 in Earth Magic
  3644 | D:4      | Gained mutation: You are covered in thick fur. (AC +2)
                  | [Felid growth]
  3644 | D:4      | Reached XP level 6. HP: 24/24 MP: 12/12
  3650 | D:4      | Reached skill level 4 in Spellcasting
  3780 | D:4      | Gained mutation: Your spells are a little easier to cast,
                  | but a little less powerful. [potion of mutation]
  3780 | D:4      | Gained mutation: Your natural rate of healing is unusually
                  | fast. [potion of mutation]
  3783 | D:4      | Killed Menkaure
  3830 | D:4      | Reached skill level 1 in Unarmed Combat
  3830 | D:4      | Reached skill level 1 in Conjurations
  3830 | D:4      | Reached skill level 1 in Evocations
  3830 | D:4      | Reached XP level 7. HP: 27/27 MP: 1/14
  4703 | D:4      | Noticed Pikel
  4878 | D:4      | Found a staircase to the Ecumenical Temple.
  4884 | Temple   | Entered the Ecumenical Temple
  5247 | D:5      | Reached skill level 5 in Spellcasting
  5653 | D:5      | Noticed Duvessa
  5653 | D:5      | Noticed Dowan
  5693 | D:5      | Slain by Duvessa
  5694 | D:5      | Reached XP level 6. HP: -2/25 MP: 2/14
  6001 | D:5      | Reached XP level 7. HP: 28/28 MP: 5/15
  6030 | D:3      | Paralysed by Grinder for 3 turns
  6036 | D:3      | Paralysed by Grinder for 7 turns
  6050 | D:3      | Paralysed by Grinder for 2 turns
  6061 | D:3      | Paralysed by Grinder for 6 turns
  6183 | D:3      | Killed Grinder
  7006 | D:5      | Reached skill level 6 in Spellcasting
  7211 | D:5      | Reached skill level 1 in Necromancy
  7211 | D:5      | Reached XP level 8. HP: 31/31 MP: 9/18
  7455 | D:5      | Lost mutation: Your spells are a little easier to cast, but
                  | a little less powerful. [potion of mutation]
  7455 | D:5      | Lost mutation: Your natural rate of healing is unusually
                  | fast. [potion of mutation]
  7455 | D:5      | Gained mutation: You possess an exceptional clarity of
                  | mind. [potion of mutation]
  7487 | D:5      | Reached skill level 1 in Fighting
  7586 | D:5      | Found a runed translucent door.
  7587 | D:5      | Noticed croobank's ghost (novice GnDe)
  7606 | D:5      | Found a runed translucent door.
  8147 | D:6      | Reached skill level 7 in Spellcasting
  8512 | D:6      | Reached XP level 9. HP: 16/35 MP: 1/20
  8866 | D:6      | Reached skill level 5 in Stealth
  9201 | D:7      | Found a radiant altar of Vehumet.
  9223 | D:7      | Became a worshipper of Vehumet
  9301 | D:7      | Found a burning altar of Makhleb.
  9310 | D:7      | Found a glowing golden altar of the Shining One.
  9991 | D:8      | Noticed Harold
 10097 | D:8      | Reached skill level 8 in Spellcasting
 10277 | D:8      | Noticed Gastronok
 10679 | D:8      | Killed Harold
 10811 | D:8      | Found a staircase to the Lair.
 10812 | D:8      | Noticed a komodo dragon
 10827 | D:8      | Killed a komodo dragon
 10828 | D:8      | Reached XP level 10. HP: 39/39 MP: 12/23
 11508 | D:9      | Reached skill level 9 in Spellcasting
 11755 | D:9      | Noticed a manticore
 11765 | D:9      | Killed a manticore
 12624 | D:10     | Entered Level 10 of the Dungeon
 12628 | D:10     | Reached skill level 5 in Conjurations
 12742 | D:10     | Found a glowing silver altar of Zin.
 12742 | D:10     | Found an ancient bone altar of Kikubaaqudgha.
 12808 | D:10     | Reached skill level 5 in Dodging
 12825 | D:10     | Slain by a troll
 12826 | D:10     | Reached XP level 9. HP: 0/35 MP: 20/23
 12971 | D:10     | Noticed a gargoyle
 12975 | D:10     | Killed a gargoyle
 13066 | D:10     | Found a staircase to the Orcish Mines.
 13088 | D:10     | Noticed a death knight
 13189 | D:10     | Noticed a purple ugly thing
 13237 | D:10     | Reached XP level 10. HP: 39/39 MP: 16/24
 13389 | D:10     | Reached * piety under Vehumet
 13389 | D:10     | Offered knowledge of Freeze by Vehumet.
 13395 | D:10     | Reached skill level 10 in Spellcasting
 13812 | D:10     | Found an ornate altar of the Wu Jian Council.
 13862 | D:10     | Found a sparkling altar of Nemelex Xobeh.
 13862 | D:10     | Found a transporter.
 13862 | D:10     | Noticed a stone giant
 13915 | D:10     | Noticed a deep elf pyromancer
 14043 | D:10     | Noticed a two-headed ogre
 14069 | D:10     | Killed a two-headed ogre
 14163 | D:10     | Killed a deep elf pyromancer
 14574 | D:10     | Reached XP level 11. HP: 32/43 MP: 16/26
 14606 | D:10     | Annihilated by a death knight
 14607 | D:10     | Reached XP level 10. HP: -33/40 MP: 0/25
 14901 | D:10     | Killed a purple ugly thing
 15026 | D:11     | Noticed a two-headed ogre
 15046 | D:11     | Killed a two-headed ogre
 15047 | D:11     | Reached skill level 10 in Earth Magic
 15367 | D:11     | Noticed an orange demon
 15389 | D:11     | Noticed an orange demon
 15561 | D:11     | Found Jaoxta's Jewellery Boutique.
 15566 | D:11     | Found Efry's Jewellery Shoppe.
 15583 | D:11     | Noticed a purple ugly thing
 15587 | D:11     | Reached skill level 11 in Spellcasting
 16052 | D:12     | Noticed Kirke
 16057 | D:12     | Noticed a sphinx
 16063 | D:12     | Slain by a sphinx

Illustrated notes

Levels and vault maps discovered:
D:1:      sevenhm_arrival_forest_fort_large_4, layout_rooms,
          ebering_ecumenical_altar_hall, serial_shops,
          nicolae_shop_advertising_works [nicolae_subvault_shop_adworks],
          nrook_mini_backslash, nrook_mini_vaults, minmay_pentomino_u2
D:2:      layout_basic
D:3:      layout_basic, uniq_grinder, uniq_sigmund
D:4:      layout_cave_pods, temple_statues, enter_ossuary_2, uniq_pikel,
          uniq_eustachio, uniq_menkaure
D:5:      layout_basic, ebering_ghost_sewer_f, minmay_fractal_squares_5,
          uniq_duvessa
D:6:      layout_basic
D:7:      layout_basic, vehumet_altar_wand_db,
          mainiacjoe_overflow_large_starburst, chequers_serial_rivers_micro_c
D:8:      layout_basic, david_lair_shrubbed, minivault_14, uniq_harold,
          uniq_gastronok
D:9:      nicolae_cairo_tiling_large, layout_basic, columned_hall_lemuel,
          uniq_grum
D:10:     minmay_the_grid_octo_2x2 [minmay_the_grid_octo_vomiting_pacman,
          minmay_the_grid_octo_thin_diamonds, minmay_the_grid_octo_clover,
          minmay_the_grid_octo_prize_star], layout_gridville,
          grunt_nemelex_the_gamble, chequers_temple_overflow_statue_of_worship
D:11:     layout_small_grid, serial_shops, nicolae_diamond_shop,
          nicolae_shop_stone
D:12:     layout_roguey, serial_corexii_hall, chequers_hall_statues_y,
          corexii_hall_statues_i, portal_ice_cave_entry_pillars_1, uniq_kirke
Temple:   eino_temple_rhombus

Skill      XL: |  1  2  3  4  5  6  7  8  9 10 |
---------------+-------------------------------+-----
Earth Magic    | 3 4 5 6 7 8 10 | 10.3
Stealth        | 3 4 5 |  5.6
Spellcasting   | 3 4 6 7 8 11 | 11.1
Dodging        | 3 4 6 |  6.4
Unarmed Combat | 1 2 |  2.6
Conjurations   | 1 2 3 4 6 |  6.0
Evocations     | 1 2 4 |  4.0
Necromancy     | 1 2 |  2.9
Fighting       | 1 |  1.7
Transmutations | |  1.1

Action                   |  1- 3 |  4- 6 |  7- 9 | 10-12 || total
-------------------------+-------+-------+-------+-------++-------
Melee: Unarmed           |     7 |    23 |    29 |    45 ||   104
       Bite              |     3 |     5 |     2 |     2 ||    12
       Punch             |       |       |     2 |     2 ||     4
 Cast: Sandblast         |    50 |    39 |    62 |    29 ||   180
       Stone Arrow       |     3 |    20 |   134 |   140 ||   297
       Vampiric Draining |       |     1 |    10 |     8 ||    19
       Passwall          |       |       |     1 |       ||     1
Evoke: Wand              |       |     7 |     9 |    30 ||    46
  Use: Scroll            |     3 |     2 |    10 |    10 ||    25
       Potion            |       |     4 |     5 |     5 ||    14
 Stab: Sleeping          |       |     2 |     1 |       ||     3
       Paralysed         |       |       |       |     1 ||     1
Armor: Skin              |     3 |       |    19 |    71 ||    93
Dodge: Dodged            |    13 |    28 |    93 |   164 ||   298
